 Dungeon Crawl Stone Soup version 0.20.0-15-g7f486f2 (webtiles) character file.

336 Gargoyl the Skirmisher (level 6, -2/53 HPs)
             Began as a Draconian Abyssal Knight on June 15, 2017.
             Was a Believer of Lugonu.
             Slain by an orc wizard
             ... wielding a +0 dagger
              (5 damage)
             ... on level 4 of the Dungeon.
             The game lasted 00:06:35 (3441 turns).

Gargoyl the Skirmisher (Draconian Abyssal Knight)   Turns: 3441, Time: 00:06:36

Health: -2/53      AC:  7    Str: 15    XL:     6   Next: 28%
Magic:  8/8        EV: 14    Int: 12    God:    Lugonu [**....]
Gold:   186        SH:  0    Dex: 17    Spells: 5/5 levels left

rFire    + . .     SeeInvis .   c - +0 broad axe
rCold    + . .     Gourm    .   (no shield)
rNeg     . . .     Faith    .   (armour unavailable)
rPois    +         Spirit   .   (helmet restricted)
rElec    +         Reflect  .   v - scarf {cloud immunity}
rCorr    +         Harm     .   y - +0 pair of gloves
MR       +....                  (no boots)
Stlth    ++........             (no amulet)
Regen    0.2/turn               e - ring of protection from magic
MPRegen  0.2/turn               s - +3 ring of dexterity

@: resistant
A: unfitting armour, agile 1, mutation resistance 1, cold-blooded, AC +6
a: Depart the Abyss, Bend Space, Renounce Religion


You were on level 4 of the Dungeon.
You worshipped Lugonu.
Lugonu was pleased with you.
You were very hungry.

You visited 1 branch of the dungeon, and saw 4 of its levels.
You visited the Abyss 1 time.

You collected 186 gold pieces.

Inventory:

Hand Weapons
 a - a +1 hand axe
 c - a +0 broad axe (weapon)
Armour
 v - a scarf of cloud immunity (worn)
 y - a +0 pair of gloves (worn)
Jewellery
 e - a ring of protection from magic (left hand)
 j - an uncursed amulet of the gourmand {unknown}
 r - a +5 ring of protection {unknown}
 s - a +3 ring of dexterity (right hand)
Wands
 m - a wand of random effects (34/48)
 n - a wand of digging (13/24)
 o - a wand of enslavement (11/24)
 q - a wand of flame (22/48)
 w - a wand of confusion (24/48)
Scrolls
 l - 2 scrolls of teleportation
Potions
 d - a potion of mutation
 g - a potion of brilliance
 h - a potion of curing
 k - a potion of lignification {unknown}
 t - a potion of flight {unknown}
 u - a potion of heal wounds {unknown}
Comestibles
 b - 4 bread rations
 f - a royal jelly
 p - 6 fruits
 x - a meat ration


   Skills:
 + Level 4.5 Fighting
 + Level 3.8 Axes
 * Level 3.7 Dodging
 * Level 1.5 Stealth
 * Level 3.2 Invocations


You had 5 spell levels left.
You didn't know any spells.

Dungeon Overview and Level Annotations

Branches:
Dungeon (4/15)
 Temple: D:4-7

Altars:
Hepliaklqana


Innate Abilities, Weirdness & Mutations

Your plain brown scales are hard. (AC +6)
You cannot fit into any form of body armour.
You are cold-blooded and may be slowed by cold attacks.
You are agile. (Dex +2)
You are somewhat resistant to further mutation.


Message History

You slash the orc!
You kill the orc!
Lugonu accepts your kill.
You slash the orc wizard! You closely miss something.
The orc wizard closely misses you. Something hits you but does no damage.
The orc wizard hits you with a dagger.
* * * LOW HITPOINT WARNING * * *
Unknown command.
Okay, then.
It was a potion of mutation.
You feel extremely strange.
You feel agile.
You feel genetically stable.
The orc wizard gestures at you while chanting.
The magic dart hits you!
* * * LOW HITPOINT WARNING * * *
Something hits you.
* * * LOW HITPOINT WARNING * * *
It was a potion of resistance.
You feel protected. The orc wizard hits you with a dagger.
You die...

.... ......
......#
..>...###########
#..............#
#..............#
#..............#
#......o.......#
#.....){@......#
##.......)......#
#.....###########
#.....# #.....#
## #.....#
.#######.....#
.#......######
.'......#


You could see an orc wizard.

Vanquished Creatures
  Menkaure (D:4)
  An orc priest (D:4)
  Terence (D:2)
  Ijyb (D:3)
  A worker ant (D:4)
  A gnoll (D:1)
  4 adders
  An ufetubus (Abyss:2)
  A worm (D:2)
  3 dart slugs
  A leopard gecko (D:3)
  2 orcs (D:4)
  5 bats
  A giant cockroach (D:2)
  10 hobgoblins
  8 jackals
  A quokka (D:3)
  2 ball pythons (D:3)
  7 frilled lizards
  7 goblins
  7 kobolds
  10 rats
76 creatures vanquished.

Notes
Turn   | Place    | Note
-------+----------+-------------------------------------------
     0 | Abyss:1  | Gargoyl the Draconian Abyssal Knight began the quest for the Orb.
     0 | Abyss:1  | Reached XP level 1. HP: 19/19 MP: 2/2
   140 | Abyss:2  | Noticed a small abomination
   144 | D:1      | Escaped the Abyss
   270 | D:1      | Reached XP level 2. HP: 9/27 MP: 3/3
   552 | D:1      | Reached skill level 4 in Fighting
   676 | D:1      | Reached XP level 3. HP: 32/33 MP: 4/4
   935 | D:1      | Reached * piety under Lugonu
  1535 | D:2      | Noticed Terence
  1543 | D:2      | Killed Terence
  1543 | D:2      | Reached XP level 4. HP: 29/40 MP: 5/5
  1845 | D:2      | Found a hazy altar of Hepliaklqana.
  1973 | D:2      | Reached skill level 1 in Stealth
  2294 | D:3      | Reached ** piety under Lugonu
  2342 | D:3      | Reached XP level 5. HP: 40/47 MP: 7/7
  2383 | D:3      | Noticed Ijyb
  2437 | D:3      | Killed Ijyb
  3061 | D:4      | Noticed Menkaure
  3069 | D:4      | Killed Menkaure
  3069 | D:4      | Reached XP level 6. HP: 4/53 MP: 8/8
  3440 | D:4      | Gained mutation: You are agile. (Dex +2) [potion of mutation]
  3440 | D:4      | Gained mutation: You are somewhat resistant to further mutation. [potion of mutation]
  3441 | D:4      | Slain by an orc wizard

Skill      XL: |  1  2  3  4  5 |
---------------+----------------+-----
Fighting       | 4 |  4.5
Dodging        | 3 |  3.7
Stealth        | 1 |  1.5
Axes           | 3 |  3.8
Invocations    | 3 |  3.2

Action                   |  1- 3 |  4- 6 || total
-------------------------+-------+-------++-------
Melee: Broad axe         |    99 |   124 ||   223
       Tailslap          |     7 |    11 ||    18
Invok: Depart the Abyss  |     1 |       ||     1
  Use: Scroll            |     4 |     6 ||    10
       Potion            |     2 |     4 ||     6
 Stab: Sleeping          |       |     6 ||     6
  Eat: Chunk             |     2 |     5 ||     7
Armor: Skin              |    56 |    57 ||   113
Dodge: Dodged            |   122 |   135 ||   257
